 Dungeon Crawl Stone Soup version 0.28-a0-730-g892d06dc2c (webtiles) character file.

Game seed: 12688095538224944666

1109 porpoise the Digger (level 8, -1/48 HPs)
             Began as a Gargoyle Earth Elementalist on Oct 29, 2021.
             Slain by Duvessa (6 damage)
             ... on level 5 of the Dungeon.
             The game lasted 00:24:04 (7769 turns).

porpoise the Digger (Gargoyle Earth Elementalist)   Turns: 7769, Time: 00:24:06

Health: -1/48      AC: 11    Str: 12    XL:     8   Next: 33%
Magic:  11/15      EV: 15    Int: 21    God:
Gold:   232        SH:  0    Dex: 10    Spells: 13/17 levels left

rFire   . . .      SeeInvis .   b - +1 hunting sling (flame)
rCold   + . .      Faith    .   (no shield)
rNeg    + + .      Spirit   .   m - +0 robe
rPois   ∞          Reflect  .   h - +2 helmet
rElec   +          Harm     .   (no cloak)
rCorr   .          Rampage  .   (no gloves)
Will    .....                   C - +0 pair of boots
Stlth   ++........              p - amulet of magic regeneration
HPRegen 0.16/turn               i - +4 ring of evasion
MPRegen 0.39/turn               w - ring "Vycvytuf" {rElec rC+ rN+ Int+3}

@: no status effects
A: sickness immunity, AC +5, negative energy resistance 1, electricity
resistance, torment resistance 1, petrification resistance
a: no special abilities


You were on level 5 of the Dungeon.
You visited 1 branch of the dungeon, and saw 7 of its levels.

You collected 232 gold pieces.

Inventory:

Hand Weapons
 a - a +2 whip of electrocution
 b - a +1 hunting sling of flaming (weapon)
Missiles
 c - 193 stones
 q - 2 silver boomerangs
 u - 16 bolts
 B - 52 sling bullets (quivered ammo)
 D - 4 boomerangs
Armour
 h - a +2 helmet (worn)
 m - a +0 robe (worn)
 C - a +0 pair of boots (worn)
 F - a +1 ring mail of fire resistance
Jewellery
 i - a +4 ring of evasion (left hand)
 n - a ring of fire
 p - an amulet of magic regeneration (around neck)
 t - a +6 ring of dexterity
 w - the ring "Vycvytuf" (right hand) {rElec rC+ rN+ Int+3}
   (You acquired it on level 4 of the Dungeon)

   [ring of protection from cold]

   Int:       It affects your intelligence (+3).
   rC:        It protects you from cold.
   rElec:     It insulates you from electricity.
   rN:        It protects you from negative energy.
Wands
 d - a wand of flame (15)
Scrolls
 g - 2 scrolls of brand weapon
 l - a scroll of teleportation
 r - 2 scrolls of vulnerability
Potions
 e - 3 potions of mutation
 f - 3 potions of curing
 j - 2 potions of heal wounds
 v - a potion of lignification
 z - a potion of experience {unknown}
 A - a potion of flight {unknown}
 E - a potion of might {unknown}


   Skills:
 + Level 4.4 Fighting
 - Level 1.5 Dodging
 - Level 2.1 Stealth
 - Level 5.0 Spellcasting
 - Level 5.0 Conjurations
 - Level 0.7 Transmutations
 + Level 7.0 Earth Magic


You had 13 spell levels left.
You knew the following spells:

 Your Spells              Type           Power      Damage    Failure   Level
a - Sandblast             Erth           68%        2d15      1%          1
b - Stone Arrow           Conj/Erth      60%        3d10      2%          3

Your spell library contained the following spells:

 Spells                   Type           Power      Damage    Failure   Level
 Passwall                 Tmut/Erth      17%        N/A       3%          2
 Wereblood                Tmut           8%         N/A       12%         2
 Petrify                  Tmut/Erth      21%        N/A       22%         4
 Eringya's Noxious Bog    Tmut/Pois      3%         N/A       100%        6


Dungeon Overview and Level Annotations

Branches:
Dungeon (7/15)
 Temple: D:4-7

Altars:

Annotations:
D:3 Robin
D:5 Dowan, Duvessa


Innate Abilities, Weirdness & Mutations

You are immune to sickness and miasma.
Your stone body is resilient. (AC +5)
You are immune to poison.
You resist negative energy. (rN+)
You are resistant to electric shocks. (rElec)
You are resistant to unholy torment.
You are immune to petrification.


Message History

There is an escape hatch in the ceiling here.
Duvessa hits you with a +0 short sword.
Dowan says, "My weaknesses are her strengths!"
Dowan closely misses you. Duvessa hits you with a +0 short sword.
A mysterious force pulls you upwards. The hatch slams shut behind you.
Found a dark potion.
Duvessa hits you with a +0 short sword. Duvessa hits you with a +0 short sword!
* * * LOW HITPOINT WARNING * * *
You open the door. Duvessa hits you with a +0 short sword.
* * * LOW HITPOINT WARNING * * *
Duvessa closely misses you. Dowan completely misses you.
Dowan casts a spell.
Dowan blinks!
There is an open door here.
Duvessa hits you with a +0 short sword.
* * * LOW HITPOINT WARNING * * *
There is a stone staircase leading down here.
Duvessa hits you with a +0 short sword.
* * * LOW HITPOINT WARNING * * *
Duvessa says, "My weaknesses are his strengths!"
Duvessa completely misses you.
Casting: Sandblast (safe; 1% risk of failure)
Confirm with . or Enter, or press ? or * to list all spells.
Aiming: Sandblast (safe; 1% risk of failure)
Press: ? - help, Shift-Dir - straight line, f - Duvessa
Aim: Duvessa, wielding a +0 short sword and wearing a +0 ring mail (moderately wounded, fast, 87% to hit)
The blast of sand hits Duvessa but does no damage.
Duvessa is moderately wounded.
c - 193 stones Duvessa misses you.
Casting: Sandblast (safe; 1% risk of failure)
Confirm with . or Enter, or press ? or * to list all spells.
Aiming: Stone Arrow (dangerous; 2% risk of failure)
Press: ? - help, Shift-Dir - straight line, f/p - Duvessa
Aim: Duvessa, wielding a +0 short sword and wearing a +0 ring mail (moderately wounded, fast, 81% to hit)
The stone arrow hits Duvessa!!
Duvessa is severely wounded.
Duvessa hits you with a +0 short sword.
You die...

..≈≈≈≈≈# ...≈≈≈≈# .
#.≈≈≈≈# .+
#####..≈≈≈##### ##..#
#.. ....≈≈≈≈≈≈##...#
####.### #...≈≈≈≈≈...#..
.......###..............
#.......'e>....@####
#......##......e......#
#......##..........#..#
######!####........#
.... #...†....#
....##......(.#
...............+
...####........# ##
#........+


You could see Duvessa (fast) and Dowan.

Vanquished Creatures
  Grinder (D:4)
  Menkaure (D:4)
  A black bear (D:4)
  2 necrophages (D:4)
  A scorpion (D:3)
  A hound (D:3)
  A centaur skeleton (D:4)
  4 iguanas
  14 gnolls
  2 adders
  A shadow imp (D:3)
  An adder skeleton (D:4)
  A worm (D:2)
  3 dart slugs
  5 orcs (D:3)
  7 bats
  2 endoplasms
  3 giant cockroaches (D:2)
  33 hobgoblins
  12 kobolds
  5 quokkas
  A frilled lizard (D:2)
  36 goblins
  9 rats
147 creatures vanquished.

Notes
Turn   | Place    | Note
-------+----------+-------------------------------------------
     0 | D:1      | porpoise the Gargoyle Earth Elementalist began the quest
                  | for the Orb.
     0 | D:1      | Reached XP level 1. HP: 10/10 MP: 3/3
   215 | D:1      | Found a faded altar of an unknown god.
   359 | D:1      | Reached skill level 4 in Earth Magic
   359 | D:1      | Reached XP level 2. HP: 13/15 MP: 5/5
  1129 | D:2      | Reached XP level 3. HP: 19/19 MP: 6/6
  1133 | D:2      | Learned a level 3 spell: Stone Arrow
  1866 | D:2      | Got the Compendium of Transmigration
  2422 | D:3      | Reached XP level 4. HP: 24/24 MP: 5/8
  2867 | D:3      | Noticed a scorpion
  2919 | D:3      | Killed a scorpion
  2920 | D:3      | Reached skill level 5 in Earth Magic
  2920 | D:3      | Reached XP level 5. HP: 21/28 MP: 0/10
  3145 | D:3      | Reached skill level 1 in Conjurations
  3559 | D:3      | Reached skill level 6 in Earth Magic
  4059 | D:3      | Reached XP level 6. HP: 32/32 MP: 9/11
  4130 | D:3      | Noticed Robin
  5040 | D:4      | Identified 2 scrolls of acquirement
  5040 | D:4      | Acquired the ring "Vycvytuf" {rElec rC+ rN+ Int+3}
  5044 | D:4      | Acquired an amulet of magic regeneration
  5648 | D:4      | Noticed Menkaure
  5648 | D:4      | Noticed a necrophage
  5669 | D:4      | Killed a necrophage
  5689 | D:4      | Noticed Grinder
  5702 | D:4      | Killed Grinder
  5703 | D:4      | Reached skill level 5 in Conjurations
  5703 | D:4      | Reached skill level 7 in Earth Magic
  5703 | D:4      | Reached XP level 7. HP: 18/36 MP: 9/12
  5706 | D:4      | Killed Menkaure
  5707 | D:4      | Reached skill level 1 in Fighting
  6778 | D:4      | Reached XP level 8. HP: 46/46 MP: 11/14
  7361 | D:4      | Reached skill level 5 in Spellcasting
  7490 | D:5      | Entered Level 5 of the Dungeon
  7575 | D:5      | You fall into a shaft and drop 2 floors!
  7730 | D:5      | Noticed Duvessa
  7730 | D:5      | Noticed Dowan
  7769 | D:5      | Slain by Duvessa

Illustrated notes

Levels and vault maps discovered:
D:1:      lightli_arrival_maybe_door_vault, layout_basic,
          chequers_ecumenical_altar_island
D:2:      layout_basic
D:3:      layout_loops_corners, minmay_splitting_lines, minmay_misc_feat_five,
          minmay_fractal_squares_gapless_5, uniq_robin
D:4:      minmay_goblin_kobold_castle, layout_basic, uniq_grinder, uniq_menkaure
D:5:      layout_basic, okawaru_ov_weapons_minmay,
          minmay_temple_entry_stoned_glass, grunt_decor_junction, uniq_duvessa
D:6:      layout_cave_pools, gammafunk_ghost_grave, nicolae_benzene_ring,
          amethyst_killhole
D:7:      layout_basic, serial_shops, nicolae_shop_behind_doors, shop,
          nicolae_shop_behind_doors, nicolae_ossuary_entry_ruins, uniq_pikel,
          uniq_joseph, uniq_maggie

Skill      XL: |  1  2  3  4  5  6  7  8 |
---------------+-------------------------+-----
Earth Magic    | 4 5 6 7 |  7.0
Spellcasting   | 3 4 5 |  5.0
Conjurations   | 2 5 |  5.0
Fighting       | 3 4 |  4.4
Dodging        | |  1.5
Stealth        | |  2.1
Transmutations | |  0.7

Action                   |  1- 3 |  4- 6 |  7- 9 || total
-------------------------+-------+-------+-------++-------
Melee: Short sword       |   130 |    73 |    20 ||   223
 Fire: Hunting sling     |     4 |    22 |    76 ||   102
 Cast: Sandblast         |    17 |    67 |    54 ||   138
       Stone Arrow       |       |     2 |     7 ||     9
  Use: Scroll            |     2 |     3 |    10 ||    15
 Stab: Sleeping          |     3 |       |       ||     3
Armor: Robe              |    51 |    31 |    29 ||   111
Dodge: Dodged            |    96 |    75 |    87 ||   258

Table legend: (Time is in decaauts)
 A = Elapsed time spent in this place.
 B = Non-inter-level travel time spent in this place.
 C = Inter-level travel time spent in this place.
 D = Time resting spent in this place.
 E = Time spent auto-exploring this place.
 F = Levels seen in this place.
 G = Mean time per level.
                   A        B        C        D        E       F      G
               +--------+--------+--------+--------+--------+-----+--------+
         Total |   7806 |   7690 |    116 |   3625 |   2485 |   7 | 1115.1 |
       Dungeon |   7806 |   7690 |    116 |   3625 |   2485 |   7 | 1115.1 |
               +--------+--------+--------+--------+--------+-----+--------+

Top non-repeatable levels by time:
     D:3: 2766 daAuts
     D:4: 2505 daAuts
     D:2: 1293 daAuts
     D:1: 996 daAuts
     D:7: 122 daAuts
     D:5: 89 daAuts
     D:6: 32 daAuts
